 Dungeon Crawl Stone Soup version 0.27.1-3-gb3d3a73c9e (webtiles) character file.

Game seed: 13116304763562316258

109 belegose the Skirmisher (level 4, 0/45 HPs)
             Began as a Troll Abyssal Knight on Oct 29, 2021.
             Was a Believer of Lugonu.
             Slain by an ice beast (13 damage)
             ... on level 3 of the Dungeon.
             The game lasted 00:04:16 (1998 turns).

belegose the Skirmisher (Troll Abyssal Knight)      Turns: 1998, Time: 00:04:17

Health: 0/45       AC:  4    Str: 20    XL:     4   Next: 59%
Magic:  4/4        EV:  9    Int:  9    God:    Lugonu [**....]
Gold:   176        SH:  0    Dex:  9    Spells: 3/3 levels left

rFire    . . .     SeeInvis .   a - +1 mace
rCold    . . .     Faith    .   (no shield)
rNeg     . . .     Spirit   .   b - +0 robe
rPois    .         Reflect  .   (helmet restricted)
rElec    .         Harm     .   (no cloak)
rCorr    .         Rampage  .   (gloves unavailable)
Will     .....                  (boots unavailable)
Stlth    +.........             (no amulet)
HPRegen  1.15/turn              (no ring)
MPRegen  0.09/turn              (no ring)

@: no status effects
A: large, unfitting armour, claws 3, regeneration 1, shaggy fur 1, tough skin 1
a: Renounce Religion, Depart the Abyss, Bend Space


You were on level 3 of the Dungeon.
You worshipped Lugonu.
Lugonu was pleased with you.
You visited 1 branch of the dungeon, and saw 3 of its levels.
You visited the Abyss 1 time.

You collected 176 gold pieces.

Inventory:

Hand Weapons
 a - a +1 mace (weapon)
Missiles
 e - 57 stones
 f - 2 boomerangs
Armour
 b - a +0 robe (worn)
Scrolls
 d - a scroll of fog {unknown}
 g - a scroll of amnesia {unknown}
Potions
 c - a potion of berserk rage {unknown}
 h - a potion of curing {unknown}
 i - a potion of lignification {unknown}


   Skills:
 + Level 3.1 Fighting
 + Level 2.7 Maces & Flails
 + Level 1.3 Throwing
 - Level 1.9 Dodging
 + Level 2.6 Invocations


You had 3 spell levels left.
You didn't know any spells.
Your spell library contained the following spells:

 Spells                   Type           Power      Damage    Failure   Level
 Freeze                   Ice            0%         1d3       38%         1
 Frozen Ramparts          Ice            0%         1d2       77%         3
 Hailstorm                Conj/Ice       0%         3d3       99%         4


Dungeon Overview and Level Annotations

Branches:
Dungeon (3/15)

Altars:

Annotations:
D:3 1 transporter, Grinder


Innate Abilities, Weirdness & Mutations

You are too large for most types of armour.
You have claws for hands.
Your natural rate of healing is unusually fast.
You are covered in fur. (AC +1)
You have tough skin. (AC +1)


Message History

You see here a +0 flail.
HP restored.
Found 16 gold pieces.
You now have 176 gold pieces (gained 16).
Found a pair of gloves.
A rat comes into view.
Found 23 arrows.
The rat closely misses you.
You sock the rat!
You kill the rat!
Lugonu accepts your kill.
You see here a rat corpse.
You hear the brisk rusting of a very distant drain.
You see here a +0 pair of gloves.
An endoplasm comes into view.
An ice beast comes into view.
Found a dagger.
The endoplasm barely misses you.
You hit the endoplasm.
The endoplasm is moderately wounded.
The endoplasm hits you but does no damage.
You barely miss the endoplasm.
The endoplasm is moderately wounded.
The endoplasm barely misses you.
You thump the endoplasm!
You kill the endoplasm!
Lugonu accepts your kill. The ice beast hits you. The ice beast freezes you!
You hit the ice beast.
The ice beast is lightly wounded.
The ice beast hits you. The ice beast freezes you!
You hit the ice beast.
The ice beast is lightly wounded.
The ice beast hits you. The ice beast freezes you!
You hit the ice beast.
The ice beast is moderately wounded.
The ice beast hits you.
* * * LOW HITPOINT WARNING * * *
The ice beast freezes you!
You die...

### ####.# #....# ########
#..#.#######.......
#.........#.######
##....###.#.#
##(..[†....#.#####
#.@#..#..........##
##Y##..........#...#
########..##.#.##..........
...)......##.#.##.###.#...#
####...#.###.#.##.# .##.##
#..........#.##.# #.##...
#.#
##...#.###.#.##.###.##.## .
#.# ##.##.# ..##.....#
.##.# #. #.# .. #..##.##


You could see an ice beast.

Vanquished Creatures
  3 gnolls
  2 adders (D:2)
  2 dart slugs
  3 bats (D:1)
  4 endoplasms
  A giant cockroach (D:1)
  3 goblins
  6 hobgoblins
  10 jackals
  3 kobolds
  2 quokkas
  5 ball pythons
  3 frilled lizards
  7 rats
54 creatures vanquished.

Notes
Turn   | Place    | Note
-------+----------+-------------------------------------------
     0 | Abyss:1  | belegose the Troll Abyssal Knight began the quest for the
                  | Orb.
     0 | Abyss:1  | Reached XP level 1. HP: 22/22 MP: 1/1
    28 | Abyss:1  | Noticed a vampire
    31 | D:1      | Escaped the Abyss
   256 | D:1      | Reached XP level 2. HP: 29/29 MP: 2/2
   294 | D:1      | Reached * piety under Lugonu
   302 | D:1      | Found a faded altar of an unknown god.
   603 | D:1      | Reached XP level 3. HP: 33/36 MP: 3/3
  1382 | D:2      | Reached ** piety under Lugonu
  1394 | D:2      | Reached skill level 3 in Fighting
  1477 | D:2      | Reached skill level 1 in Throwing
  1477 | D:2      | Reached XP level 4. HP: 29/45 MP: 4/4
  1759 | D:3      | Found a transporter.
  1760 | D:3      | Noticed Grinder
  1766 | D:3      | Paralysed by Grinder for 2 turns
  1988 | D:3      | Noticed an ice beast
  1998 | D:3      | Slain by an ice beast

Illustrated notes

Levels and vault maps discovered:
D:1:      psy_arrival_basics, layout_loops_corners,
          hellmonk_ecumenical_altar_dog_temple
D:2:      layout_basic
D:3:      gammafunk_steamed_eel, layout_loops_ring, portal_sewer_entry_e,
          kennysheep_cross_bottleneck, minmay_diced_spiral, uniq_grinder

Skill      XL: |  1  2  3 |
---------------+----------+-----
Maces & Flails | 2 |  2.7
Invocations    | 2 |  2.6
Fighting       | 3 |  3.1
Throwing       | 1 |  1.3
Dodging        | |  1.9

Action                   |  1- 3 |  4- 6 || total
-------------------------+-------+-------++-------
Melee: Mace              |   148 |    34 ||   182
Invok: Depart the Abyss  |     1 |       ||     1
Armor: Robe              |    60 |     8 ||    68
Dodge: Dodged            |    98 |    21 ||   119
